 Dungeon Crawl Stone Soup version 0.30.1-11-g7821555f0a (webtiles) character file.

Game seed: 12020468306945829145

35 SacredBeard the Grave Robber (level 3, 0/25 HPs)
             Began as a Demonspawn Necromancer on Nov 5, 2023.
             Slain by a hound (5 damage)
             ... on level 2 of the Dungeon.
             The game lasted 00:02:31 (1026 turns).

SacredBeard the Grave Robber (DsNe)                 Turns: 1026, Time: 00:02:32

Health: 0/25       AC:  2    Str:  8    XL:     3   Next: 17%
Magic:  2/6        EV: 12    Int: 16    God:
Gold:   46         SH:  0    Dex: 15    Spells: 5/6 levels left

rFire   . . .        i - +0 dagger
rCold   . . .        (no shield)
rNeg    . . .        a - +0 robe
rPois   .            (no helmet)
rElec   .            (no cloak)
rCorr   .            (no gloves)
SInv    .            (no boots)
Will    .....        (no amulet)
Stlth   ++           (no ring)
HPRegen 0.24/turn    (no ring)
MPRegen 0.10/turn

%: no passive effects
@: no status effects
A: claws 1, ignite blood 1
a: no special abilities


You were on level 2 of the Dungeon.
You visited 1 branch of the dungeon, and saw 2 of its levels.

You collected 46 gold pieces.

Inventory:

Hand Weapons
 i - a +0 dagger (weapon)
Missiles
 d - 17 stones
 f - 4 boomerangs
Armour
 a - a +0 robe (worn)
Scrolls
 e - a scroll of vulnerability {unknown}
Potions
 b - a potion of magic
 c - a potion of heal wounds {unknown}
 g - a potion of haste {unknown}
 h - a potion of degeneration {unknown}


   Skills:
 + Level 0.5 Fighting
 + Level 0.4 Throwing
 + Level 0.6 Armour
 - Level 2.0 Dodging
 + Level 2.0 Stealth
 * Level 2.3 Spellcasting
 * Level 4.7 Necromancy


You had 5 spell levels left.
You knew the following spells:

 Your Spells              Type           Power      Damage    Failure   Level
a - Necrotise             Necr           68%        1d7       3%          1

Your spell library contained the following spells:

 Spells                   Type           Power      Damage    Failure   Level
 Vampiric Draining        Necr           17%        2d7       9%          3
 Animate Dead             Necr           17%        N/A       28%         4
 Agony                    Necr           17%        N/A       63%         5


Dungeon Overview and Level Annotations

Branches:
Dungeon (2/15) Zot: 10974

Altars:


Innate Abilities, Weirdness & Mutations

You have sharp fingernails.
Your demonic aura sometimes causes spilled blood to erupt in flames.


Message History

The rat bites you.
You hit the rat.
You kill the rat!
You closely miss the hound. The hound misses you. The hound bites you.
You barely miss the hound. The hound barely misses you.
You hit the hound but do no damage. The hound barely misses you.
The hound closely misses you.
You hit the hound but do no damage. The hound closely misses you.
You barely miss the hound. The hound bites you. The hound closely misses you.
You barely miss the hound. The hound barely misses you.
You hit the hound but do no damage. The hound barely misses you. x2
You hit the hound.
The hound is lightly wounded.
The hound misses you.
You closely miss the hound.
The hound is lightly wounded.
The hound bites you. The hound barely misses you.
You barely miss the hound.
The hound is lightly wounded.
The hound barely misses you.
You hit the hound.
The hound is moderately wounded.
The hound bites you but does no damage. The hound closely misses you.
You barely miss the hound.
The hound is moderately wounded.
The hound bites you.
You barely miss the hound.
The hound is moderately wounded.
The hound misses you. The hound closely misses you.
You barely miss the hound.
The hound is moderately wounded.
The hound bites you.
* * * LOW HITPOINT WARNING * * *
Casting: Necrotise (safe; 3% risk of failure)
Confirm with . or Enter, or press ? or * to list all spells.
Aiming: Necrotise (safe; 3% risk of failure)
Press: ? - help, Shift-Dir - straight line, f - hound
Aim: a hound (moderately wounded, chance to affect: 81%)
The hound barely resists.
The hound bites you.
You die...

# ##.##.####
....(...g#
#...#..#h# #
#g.#@# Z..Z#.#
.....#.#
.......#.#
.h.S##.#.######
.... #.#......#
######.#
########.##
..........#


You could see a hound and a hobgoblin.

Vanquished Creatures
  3 dart slugs
  2 goblins (D:2)
  3 hobgoblins
  5 kobolds
  A ball python (D:2)
  2 bats
  A frilled lizard (D:1)
  3 rats
20 creatures vanquished.

Vanquished Creatures (collateral kills)
  An adder (D:2)
1 creature vanquished.

Grand Total: 21 creatures vanquished

Notes
Turn   | Place    | Note
-------+----------+-------------------------------------------
     0 | D:1      | SacredBeard the Demonspawn Necromancer began the quest for
                  | the Orb.
     0 | D:1      | Reached XP level 1. HP: 13/13 MP: 3/3
   309 | D:1      | Gained mutation: Your demonic aura sometimes causes spilled
                  | blood to erupt in flames. [demonic ancestry]
   309 | D:1      | Reached XP level 2. HP: 17/19 MP: 0/5
  1007 | D:2      | Discovered your monstrous ancestry.
  1007 | D:2      | Gained mutation: You have sharp fingernails. [demonic
                  | ancestry]
  1007 | D:2      | Reached XP level 3. HP: 20/25 MP: 1/6
  1026 | D:2      | Slain by a hound

Illustrated notes

Levels and vault maps discovered:
D:1:      erik_arrival_blinker_ship, layout_basic
D:2:      layout_loops_ring, lemuel_flame_loot_1

Skill      XL: |  1  2 |
---------------+-------+-----
Stealth        | 2 |  2.0
Dodging        | 2 |  2.0
Fighting       | |  0.5
Throwing       | |  0.4
Armour         | |  0.6
Spellcasting   | |  2.3
Necromancy     | |  4.7

Action                     || total
---------------------------++-------
  Melee: Short sword       ||    14
         Dagger            ||    28
   Cast: Necrotise         ||    33
 Armour: Robe              ||     8
  Dodge: Dodged            ||    32
